 Dungeon Crawl Stone Soup version 0.29.1-12-g30fa7ad0bf (webtiles) character file.

Game seed: 15385497943931666049

302 MisterFreud the Twirler (level 6, -5/47 HPs)
             Began as a Formicid Gladiator on Dec 23, 2022.
             Slain by an iguana (14 damage)
             ... on level 4 of the Dungeon.
             The game lasted 00:02:49 (3426 turns).

MisterFreud the Twirler (Formicid Gladiator)        Turns: 3426, Time: 00:02:50

Health: -5/47      AC:  3    Str: 21    XL:     6   Next: 65%
Magic:  6/6        EV: 12    Int:  7    God:
Gold:   139        SH:  0    Dex: 15    Spells: 5/5 levels left

rFire   . . .      SeeInvis +   a - +0 quarterstaff
rCold   . . .      Faith    .   (no shield)
rNeg    + . .      Spirit   .   b - +0 leather armour
rPois   .          Reflect  .   (helmet unavailable)
rElec   .          Harm     .   (no cloak)
rCorr   .          Rampage  .   (no gloves)
Will    .....                   (no boots)
Stlth   +.........              (no amulet)
HPRegen 0.15/turn               h - ring of positive energy
MPRegen 0.10/turn               (no ring)

@: no status effects
A: permanent stasis, dig shafts and tunnels, antennae 3, four strong arms
a: Dig, Shaft Self


You were on level 4 of the Dungeon.
You visited 1 branch of the dungeon, and saw 4 of its levels.

You collected 139 gold pieces.

Inventory:

Hand Weapons
 a - a +0 quarterstaff (weapon)
Missiles
 c - 3 throwing nets (quivered)
 d - a javelin
Armour
 b - a +0 leather armour (worn)
Jewellery
 h - a ring of positive energy (left hand)
 m - a ring of wizardry
Wands
 f - a wand of paralysis (3)
Scrolls
 g - a scroll of amnesia
 i - 2 scrolls of teleportation
Potions
 e - a potion of brilliance {unknown}
 j - 3 potions of curing
 k - a potion of ambrosia
 l - 2 potions of might


   Skills:
 + Level 3.4 Fighting
 - Level 6.0 Staves
 - Level 2.0 Throwing
 + Level 2.4 Armour
 - Level 2.6 Dodging


You had 5 spell levels left.
You didn't know any spells.
Your spell library contained the following spells:

 Spells                   Type           Power      Damage    Failure   Level
 Sublimation of Blood     Necr           0%         N/A       63%         2
 Wereblood                Tmut           0%         N/A       63%         2
 Gell's Gravitas          Tloc           0%         N/A       85%         3
 Lesser Beckoning         Tloc           0%         N/A       85%         3
 Teleport Other           Tloc           0%         N/A       85%         3
 Summon Hydra             Summ           0%         N/A       100%        7


Dungeon Overview and Level Annotations

Branches:
Dungeon (3/15)

Altars:


Innate Abilities, Weirdness & Mutations

You cannot be hasted, slowed, berserked, paralysed or teleported.
You can dig through walls and to a lower floor.
You have a pair of large antennae on your head. (SInv)
Your four strong arms can wield two-handed weapons with a shield.


Message History

There are monsters nearby!
There are monsters nearby!
You sock the water moccasin!
The water moccasin is heavily wounded.
The water moccasin bites you.
You barely miss the water moccasin.
The water moccasin is heavily wounded.
The water moccasin bites you. The iguana bites you.
The water moccasin bites you.
You closely miss the water moccasin.
The water moccasin is heavily wounded.
The water moccasin bites you. The iguana bites you.
You hit the water moccasin.
The water moccasin is severely wounded.
The water moccasin bites you. The iguana barely misses you.
You barely miss the water moccasin.
The water moccasin is severely wounded.
The water moccasin bites you.
The water moccasin bites you but does no damage.
The iguana bites you but does no damage.
You sock the water moccasin!
You kill the water moccasin!
The iguana misses you.
Your Fighting skill increases to level 3!
Your Armour skill increases to level 2!
Unknown command.
You hit the iguana.
The iguana is moderately wounded.
The iguana bites you!
* * * LOW HITPOINT WARNING * * *
You hit the iguana but do no damage.
The iguana is moderately wounded.
The iguana misses you.
You hit the iguana.
The iguana is moderately wounded.
The iguana bites you but does no damage.
You barely miss the iguana.
The iguana is moderately wounded.
The iguana bites you!
You die...

............#
........?..##
..........## #
.........## ##..
#.......## #....
##.....## #...#
##...##### #...#
........†##### ##...#
.####........###@...#
# ######.......l.###
{ ####.$........
#.###....... #.#
###.... #.# #... ..#
... .## .. ..


You could see an iguana.

Vanquished Creatures
  A water moccasin (D:4)
  A hound (D:4)
  Natasha (thrice) (D:2)
  3 adders
  An ufetubus (D:4)
  A worm (D:3)
  4 dart slugs
  2 orcs (D:3)
  5 endoplasms
  3 giant cockroaches
  6 goblins
  3 hobgoblins
  2 quokkas
  3 ball pythons
  8 bats
  3 frilled lizards
  5 kobolds
  3 rats
57 creatures vanquished.

Notes
Turn   | Place    | Note
-------+----------+-------------------------------------------
     0 | D:1      | MisterFreud the Formicid Gladiator began the quest for the
                  | Orb.
     0 | D:1      | Reached XP level 1. HP: 16/16 MP: 1/1
   205 | D:1      | Reached XP level 2. HP: 12/22 MP: 2/2
   569 | D:1      | Reached skill level 4 in Staves
   569 | D:1      | Reached XP level 3. HP: 18/27 MP: 3/3
   761 | D:1      | Found a faded altar of an unknown god.
  1525 | D:2      | Reached XP level 4. HP: 33/33 MP: 4/4
  1930 | D:2      | Noticed Natasha
  1938 | D:2      | HP: 1/33 [Natasha/magic dart (4)]
  1939 | D:2      | Killed Natasha
  1940 | D:2      | Reached skill level 5 in Staves
  2339 | D:2      | Noticed Natasha
  2349 | D:2      | Killed Natasha
  2350 | D:2      | Reached XP level 5. HP: 21/38 MP: 5/5
  2561 | D:2      | Noticed Natasha
  2565 | D:2      | Killed Natasha
  3052 | D:3      | You fall into a shaft and drop 1 floor!
  3307 | D:4      | Reached skill level 6 in Staves
  3315 | D:4      | Reached skill level 1 in Armour
  3315 | D:4      | Reached XP level 6. HP: 35/46 MP: 6/6
  3414 | D:4      | Noticed a water moccasin
  3422 | D:4      | Killed a water moccasin
  3426 | D:4      | Slain by an iguana

Illustrated notes

Levels and vault maps discovered:
D:1:      wander_arrival_abandoned_jail, layout_rooms,
          shapermc_ecumenical_altar_starsandcircs
D:2:      layout_basic, uniq_natasha
D:3:      layout_loops_cross, serial_glass, glass_columns_b, glass_columns_c,
          glass_columns_b, glass_columns_c
D:4:      layout_cave_pods, ebering_ghost_reflecting_pool, uniq_pargi

Skill      XL: |  1  2  3  4  5  6 |
---------------+-------------------+-----
Staves         | 4 5 6 |  6.0
Armour         | 1 2 |  2.4
Fighting       | 3 |  3.4
Throwing       | |  2.0
Dodging        | |  2.6

Action                   |  1- 3 |  4- 6 || total
-------------------------+-------+-------++-------
Melee: Quarterstaff      |    94 |   102 ||   196
 Abil: Shaft Self        |       |     1 ||     1
  Use: Scroll            |     5 |     4 ||     9
 Stab: Sleeping          |       |     1 ||     1
Armor: Leather armour    |    49 |    21 ||    70
Dodge: Dodged            |   114 |    54 ||   168
